 Dungeon Crawl Stone Soup version 0.19.0-11-g3fc08b3 (webtiles) character file.

42 Kozmen the Grave Robber (level 3, -1/24 HPs)
             Began as a Vampire Necromancer on Nov 9, 2016.
             Killed from afar by an orc wizard (12 damage)
             ... with a magic dart
             ... on level 3 of the Dungeon.
             The game lasted 00:11:35 (2310 turns).

Kozmen the Grave Robber (Vampire Necromancer)       Turns: 2310, Time: 00:11:35

Health: -1/24      AC:  4    Str:  7    XL:     3   Next: 35%
Magic:  0/6        EV: 13    Int: 18    God:
Gold:   68         SH:  0    Dex: 14    Spells: 2 memorised, 4 levels left

rFire  . . .     SeeInvis +     h - +0 hunting sling
rCold  + . .     Gourm    .     a - +0 robe
rNeg   + + .     Faith    .     (no shield)
rPois  +         Spirit   .     (no helmet)
rElec  .         Reflect  .     l - +1 cloak {rPois}
rCorr  .         Harm     .     (no gloves)
MR     .....                    (no boots)
Stlth  +++.......               (no amulet)
                                (no ring)
                                (no ring)

@: regenerating slowly
A: fangs 3, see invisible, unbreathing
a: Bat Form


You were on level 3 of the Dungeon.
You were thirsty.

You visited 1 branch of the dungeon, and saw 3 of its levels.

You collected 68 gold pieces.

Inventory:

Hand Weapons
 g - a cursed +0 whip
 h - a +0 hunting sling (weapon)
 z - a +0 hunting sling
Missiles
 w - 29 poisoned needles
Armour
 a - a +0 robe (worn)
 i - a +0 pair of gloves
 l - a +1 cloak of poison resistance (worn)
 p - a +0 robe
 A - a +0 helmet
Scrolls
 e - 3 scrolls of identify
 m - a scroll of fog
 o - 3 scrolls of enchant weapon {unknown}
 q - a scroll of blinking {unknown}
 t - a scroll of remove curse {unknown}
 v - a scroll of amnesia
 y - a scroll of recharging {unknown}
Potions
 c - 6 potions of blood
 d - 2 potions of lignification {unknown}
 f - a potion of berserk rage {unknown}
 j - a potion of agility {unknown}
 r - 3 potions of mutation {unknown}
 s - 2 potions of curing {unknown}
 x - a potion of might {unknown}
Books
 b - a book of Necromancy

   Spells                             Type                      Level
   a - Pain                           Necromancy                   1
   b - Animate Skeleton               Necromancy                   1
   c - Vampiric Draining              Necromancy                   3
   d - Regeneration                   Charms/Necromancy            3
   e - Animate Dead                   Necromancy                   4
   f - Control Undead                 Necromancy                   4
Comestibles
 k - a bread ration
 n - a slice of pizza
 u - 2 fruits


   Skills:
 + Level 2.3 Dodging
 + Level 3.6 Stealth
 + Level 2.3 Spellcasting
 + Level 5.2 Necromancy


You had 4 spell levels left.
You knew the following spells:

 Your Spells              Type           Power        Failure   Level  Hunger
a - Pain                  Necr           ###.         1%          1    #......
b - Animate Skeleton      Necr           N/A          1%          1    #......


Dungeon Overview and Level Annotations

Branches:
Dungeon (3/15)

Altars:


Innate Abilities, Weirdness & Mutations

You heal slowly.
You have razor-sharp teeth.
You have supernaturally acute eyesight. (SInv)
You can survive without breathing.


Message History

Really attack while wielding your +0 hunting sling? [Y]es or [N]o only, please.
Really attack while wielding your +0 hunting sling? [Y]es or [N]o only, please.
Really attack while wielding your +0 hunting sling?
You clumsily bash the orc wizard but do no damage.
The orc wizard is severely wounded.
The orc wizard closely misses you. The orc wizard hits you with a dagger.
You barely miss the orc wizard.
You bite the orc wizard, but do no damage.
The orc wizard is severely wounded.
The orc wizard hits you but does no damage.
An orc wizard is nearby!
Unknown command.
You closely miss the orc wizard.
The orc wizard is severely wounded.
The orc wizard gestures at you while chanting.
The magic dart hits you!
Ouch! That really hurt!
You die...

#..#
#.!# #
#..# #.
#..#
#.##..#
....<
#..#
##.#
#o@#
#...#.#
##.##.#
#. #.#
# #.#
#.# #.#
#.# #.#


You could see an orc wizard.

Vanquished Creatures
  2 dart slugs
  2 leopard geckos (D:2)
  2 orcs (D:3)
  6 bats
  A giant cockroach (D:2)
  5 goblins
  A kobold (D:1)
  A frilled lizard (D:2)
  3 rats
23 creatures vanquished.

Vanquished Creatures (collateral kills)
  An adder (D:2)
  A goblin (D:2)
  A bat (D:2)
  A frilled lizard (D:2)
  A kobold (D:2)
5 creatures vanquished.

Grand Total: 28 creatures vanquished

Notes
Turn   | Place    | Note
-------+----------+-------------------------------------------
     0 | D:1      | Kozmen the Vampire Necromancer began the quest for the Orb.
     0 | D:1      | Reached XP level 1. HP: 13/13 MP: 3/3
   334 | D:1      | Learned a level 1 spell: Animate Skeleton
   764 | D:1      | Learned a level 1 spell: Animate Skeleton
   827 | D:1      | Reached XP level 2. HP: 4/19 MP: 0/5
  1326 | D:2      | Reached skill level 5 in Necromancy
  1518 | D:2      | Reached XP level 3. HP: 10/24 MP: 2/6
  2310 | D:3      | Killed from afar by an orc wizard

Skill      XL: |  1  2 |
---------------+-------+-----
Necromancy     | 5 |  5.2
Dodging        | |  2.3
Stealth        | |  3.6
Spellcasting   | |  2.3

Action                   || total
-------------------------++-------
Melee: Hunting sling     ||     8
       Bite              ||     1
 Cast: Pain              ||    41
       Animate Skeleton  ||     2
  Use: Scroll            ||     3
       Potion            ||     3
 Stab: Sleeping          ||     1
Armor: Robe              ||     6
Dodge: Dodged            ||    17
